 Dungeon Crawl Stone Soup version 0.28.0-53-g5a82cb258f (webtiles) character file.

Game seed: 14259946321775467130

539 Sin92 the Chopper (level 7, -11/61 HPs)
             Began as a Minotaur Fighter on June 9, 2022.
             Was an Initiate of Okawaru.
             Mangled by Sin92's ghost (13 damage)
             ... on level 4 of the Dungeon.
             The game lasted 00:04:13 (3466 turns).

Sin92 the Chopper (Minotaur Fighter)                Turns: 3466, Time: 00:04:14

Health: -11/61     AC:  9    Str: 20    XL:     7   Next: 5%
Magic:  6/6        EV: 10    Int:  5    God:    Okawaru [......]
Gold:   209        SH:  5    Dex: 12    Spells: 6/6 levels left

rFire   . . .      SeeInvis .   a - +0 war axe
rCold   . . .      Faith    .   c - +0 buckler
rNeg    . . .      Spirit   .   b - +0 scale mail
rPois   .          Reflect  .   (helmet restricted)
rElec   .          Harm     .   f - +0 cloak
rCorr   .          Rampage  .   e - +0 pair of gloves
Will    .....                   (no boots)
Stlth   ..........              (no amulet)
HPRegen 0.20/turn               (no ring)
MPRegen 0.10/turn               (no ring)

@: mighty, flying
A: horns 2, retaliatory headbutt
a: Renounce Religion


You were on level 4 of the Dungeon.
You worshipped Okawaru.
Okawaru was noncommittal.
You visited 2 branches of the dungeon, and saw 5 of its levels.

You collected 209 gold pieces.

Inventory:

Hand Weapons
 a - a +0 war axe (weapon)
Missiles
 o - 3 javelins (quivered)
Armour
 b - a +0 scale mail (worn)
 c - a +0 buckler (worn)
 e - a +0 pair of gloves (worn)
 f - a +0 cloak (worn)
Wands
 m - a wand of mindburst (2)
 q - a wand of iceblast (10)
 r - a wand of acid (10)
Scrolls
 g - a scroll of noise
 i - a scroll of teleportation {unknown}
 n - a scroll of vulnerability {unknown}
Potions
 h - a potion of flight
 j - 2 potions of resistance


   Skills:
 + Level 5.1 Fighting
 * Level 5.7 Axes
 + Level 5.1 Armour
 + Level 3.1 Dodging
 + Level 5.0 Shields


You had 6 spell levels left.
You didn't know any spells.
Your spell library contained the following spells:

 Spells                   Type           Power      Damage    Failure   Level
 Inner Flame              Hex/Fire       0%         N/A       99%         3
 Cause Fear               Hex            0%         N/A       100%        4
 Discord                  Hex            0%         N/A       100%        8
 Summon Small Mammal      Summ           Unusable   N/A       N/A         1
 Call Canine Familiar     Summ           Unusable   N/A       N/A         3
 Summon Guardian Golem    Hex/Summ       Unusable   N/A       N/A         3

Dungeon Overview and Level Annotations

Branches:
Dungeon (4/15)             Temple (1/1) D:4

Altars:
Elyvilon
Fedhas
Hepliaklqana
Okawaru
Qazlal
Trog
Uskayaw
Wu Jian
Zin
The Shining One

Annotations:
D:4 Sin92's ghost, amateur MiFi


Innate Abilities, Weirdness & Mutations

You have a pair of horns on your head.
You reflexively headbutt those who attack you in melee.


Message History

Sin92's ghost is moderately damaged.
Sin92's ghost hits you but does no damage.
You hit Sin92's ghost but do no damage.
Sin92's ghost is moderately damaged.
Sin92's ghost hits you but does no damage.
You hit Sin92's ghost but do no damage.
You headbutt Sin92's ghost, but do no damage.
Sin92's ghost is moderately damaged.
Sin92's ghost hits you! Sin92's ghost barely misses you.
You hit Sin92's ghost but do no damage.
Sin92's ghost is moderately damaged.
Sin92's ghost barely misses you.
You closely miss Sin92's ghost.
Sin92's ghost is moderately damaged.
You block Sin92's ghost's attack.
You barely miss Sin92's ghost.
Sin92's ghost is moderately damaged.
Sin92's ghost hits you but does no damage.
You block Sin92's ghost's attack.
You hit Sin92's ghost but do no damage.
Sin92's ghost is moderately damaged.
Sin92's ghost misses you.
You barely miss Sin92's ghost. You headbutt Sin92's ghost.
Sin92's ghost is moderately damaged.
Sin92's ghost hits you!
You hit Sin92's ghost. You headbutt Sin92's ghost.
Sin92's ghost is moderately damaged.
Sin92's ghost hits you!
* * * LOW HITPOINT WARNING * * *
You hit Sin92's ghost. Your headbutt misses Sin92's ghost.
Sin92's ghost is heavily damaged.
Sin92's ghost hits you but does no damage.
You block Sin92's ghost's attack.
It was a potion of flight.
You feel very buoyant.
You fly up into the air.
Sin92's ghost hits you!
* * * LOW HITPOINT WARNING * * *
You feel very mighty all of a sudden. Sin92's ghost hits you!
You die...

.............#
..##..............#
..#...###.........#
.......##⌠##...(....#
......##...##.......#####
.....##.....##..........#
.....#⌠.?♣!.⌠#......###.#
.....##..W..##..#######.##
......##.@.##...#.........
##...##.##...###....##.#
.###..[#'#...## ####..#..
#......))....## ####.....
#######......#####.....###
##<.##<#.....###....
##.)....### ####. ######
#./)/.######## #.
......###.##/.[........##.


You could see Sin92's ghost.

Vanquished Creatures
  A black bear (D:3)
  An ice beast (D:4)
  A howler monkey (D:4)
  Ijyb (D:3)
  Terence (D:3)
  An iguana (D:3)
  Natasha (thrice) (D:3)
  A hound skeleton (D:4)
  4 gnolls (D:4)
  4 adders
  An adder skeleton (D:4)
  2 worms (D:3)
  10 orcs
  4 ball pythons
  8 endoplasms
  A giant cockroach (D:3)
  7 goblins
  2 hobgoblins
  2 jackals (D:2)
  3 quokkas
  7 bats
  2 frilled lizards
  5 kobolds
  4 rats
76 creatures vanquished.

Notes
Turn   | Place    | Note
-------+----------+-------------------------------------------
     0 | D:1      | Sin92 the Minotaur Fighter began the quest for the Orb.
     0 | D:1      | Reached XP level 1. HP: 19/19 MP: 0/0
   193 | D:1      | Reached XP level 2. HP: 27/27 MP: 1/1
   356 | D:1      | Reached skill level 1 in Dodging
   512 | D:2      | Reached XP level 3. HP: 31/33 MP: 2/2
  1278 | D:2      | Found a faded altar of an unknown god.
  1456 | D:3      | Reached XP level 4. HP: 21/40 MP: 3/3
  1604 | D:3      | Noticed a black bear
  1610 | D:3      | Killed a black bear
  1611 | D:3      | Reached XP level 5. HP: 33/47 MP: 4/4
  1802 | D:3      | Noticed Ijyb
  1811 | D:3      | HP: 2/47 [Ijyb/+0 club (5)]
  1812 | D:3      | Killed Ijyb
  2153 | D:3      | Noticed Terence
  2162 | D:3      | Killed Terence
  2193 | D:3      | Noticed Natasha
  2206 | D:3      | Killed Natasha
  2207 | D:3      | Reached XP level 6. HP: 25/53 MP: 5/5
  2386 | D:3      | Noticed Natasha
  2404 | D:3      | Killed Natasha
  2467 | D:3      | Noticed Natasha
  2476 | D:3      | Killed Natasha
  2477 | D:3      | Reached skill level 5 in Axes
  2963 | D:4      | Found a runed translucent door.
  2963 | D:4      | Noticed Sin92's ghost (amateur MiFi)
  3023 | D:4      | Found a staircase to the Ecumenical Temple.
  3057 | Temple   | Entered the Ecumenical Temple
  3108 | Temple   | Became a worshipper of Warmaster Okawaru
  3142 | D:4      | Noticed an ice beast
  3156 | D:4      | Killed an ice beast
  3157 | D:4      | Reached skill level 5 in Fighting
  3157 | D:4      | Reached skill level 5 in Armour
  3157 | D:4      | Reached skill level 5 in Shields
  3220 | D:4      | Reached XP level 7. HP: 21/61 MP: 6/6
  3465 | D:4      | HP: 1/61 [Sin92's ghost (9)]
  3466 | D:4      | Mangled by Sin92's ghost

Illustrated notes

Levels and vault maps discovered:
D:1:      scummos_arrival_simple_fountains, layout_rooms, minivault_11
D:2:      layout_loops_cross, ebering_ecumenical_altar_sacrificial
D:3:      layout_rooms, lightli_corner_chamber, uniq_ijyb, uniq_natasha,
          uniq_terence
D:4:      layout_rooms, tgw_kikubaaqudgha, temple_pool_b,
          hellmonk_ghost_happy_afterlife
Temple:   regret_index_temple_waves

Skill      XL: |  1  2  3  4  5  6 |
---------------+-------------------+-----
Dodging        | 1 2 3 |  3.1
Axes           | 3 4 5 |  5.7
Fighting       | 4 5 |  5.1
Shields        | 4 5 |  5.0
Armour         | 4 5 |  5.1

Action                   |  1- 3 |  4- 6 |  7- 9 || total
-------------------------+-------+-------+-------++-------
Melee: War axe           |    64 |   114 |    15 ||   193
       Headbutt          |     9 |    21 |     6 ||    36
  Use: Scroll            |     3 |       |       ||     3
       Potion            |     1 |     3 |     2 ||     6
Armor: Scale mail        |    31 |    59 |     8 ||    98
Dodge: Dodged            |    35 |    45 |     4 ||    84
Block: Buckler           |    12 |    22 |     3 ||    37
